 Dungeon Sprint DCSS version 0.28-a0-60-g54b5640690 (webtiles) character file.

Game seed: 4972074164793128430

26 Spaninq the Chopper (level 2, -11/28 HPs)
             Began as a Minotaur Fighter on July 30, 2021.
             Mangled by an ogre (13 damage)
             ... in the Dungeon (Sprint I: "Red Sonja").
             The game lasted 00:00:47 (85 turns).

Spaninq the Chopper (Minotaur Fighter)                Turns: 85, Time: 00:00:48

Health: -11/28     AC:  7    Str: 20    XL:     2   Next: 89%
Magic:  1/1        EV:  7    Int:  5    God:
Gold:   0          SH:  9    Dex:  9    Spells: 1/1 levels left

rFire   . . .      SeeInvis .   a - +0 war axe
rCold   . . .      Faith    .   c - +0 kite shield
rNeg    . . .      Spirit   .   b - +0 scale mail
rPois   .          Reflect  .   (helmet restricted)
rElec   .          Harm     .   (no cloak)
rCorr   .          Rampage  .   (no gloves)
Will    .....      NoTele   +   (no boots)
Stlth   ..........              (no amulet)
HPRegen 0.09/turn               (no ring)
MPRegen 0.07/turn               (no ring)

@: no status effects
A: horns 2, retaliatory headbutt
a: no special abilities


You were in the Dungeon.
You visited 1 branch

Inventory:

Hand Weapons
 a - a +0 war axe (weapon)
Armour
 b - a +0 scale mail (worn)
 c - a +0 kite shield (worn)
Scrolls
 j - a scroll of blinking
Potions
 d - a potion of might
 e - a potion of curing
 g - a potion of haste
 h - 2 potions of magic
 i - a potion of berserk rage


   Skills:
 + Level 4.7 Fighting
 * Level 5.0 Axes
 + Level 4.8 Armour
 + Level 4.7 Shields


You had one spell level left.
You didn't know any spells.
Your spell library was empty.

Dungeon Overview and Level Annotations

Branches:
Dungeon (1/1)

Altars:


Innate Abilities, Weirdness & Mutations

You have a pair of horns on your head.
You reflexively headbutt those who attack you in melee.


Message History

Ijyb hits you but does no damage. You block Ijyb's attack.
You feel much better. You block Ijyb's attack.
You hit Ijyb.
Ijyb is heavily wounded.
Ijyb hits you with a +0 club.
You closely miss Ijyb. You headbutt Ijyb!
Ijyb is almost dead.
Ijyb closely misses you. You furiously retaliate!
You headbutt Ijyb.
You kill Ijyb!
Your Fighting skill increases to level 4!
Your Axes skill gained 3 levels and is now at level 5!
Your Armour skill increases to level 4!
Your Shields skill increases to level 4!
You have reached level 2!
Things that are here:
a +0 club; a +0 leather armour You start resting.
HP restored.
You open the door.
An ogre comes into view. It is wielding a +0 giant club.
The ogre shouts!
You hit the ogre.
The ogre is lightly wounded.
The ogre hits you but does no damage.
You barely miss the ogre.
The ogre is lightly wounded.
The ogre hits you with a +0 giant club!!
Ouch! That really hurt!
* * * LOW HITPOINT WARNING * * *
Things that are here:
a +0 club; a +0 leather armour
There is an open door, spattered with blood here.
Okay, then.
Your shield prevents you from hitting the ogre.
The ogre is lightly wounded.
The ogre barely misses you.
You hit the ogre. Your headbutt misses the ogre.
The ogre is moderately wounded.
The ogre hits you with a +0 giant club!
You die...

##########
#<.#..'..#
#..@O.#..+
#..#### +#
#..# #..#
#..# #⌠⌠#
####


You could see an ogre.

Vanquished Creatures
  Ijyb (D)
1 creature vanquished.

Notes
Turn   | Place    | Note
-------+----------+-------------------------------------------
     0 | D        | Spaninq the Minotaur Fighter began the quest for the Orb.
     0 | D        | Reached XP level 1. HP: 19/19 MP: 0/0
     2 | D        | Noticed Ijyb
    10 | D        | Killed Ijyb
    11 | D        | Reached skill level 5 in Axes
    11 | D        | Reached XP level 2. HP: 21/28 MP: 1/1
    78 | D        | Noticed an ogre
    85 | D        | Mangled by an ogre

Illustrated notes

Levels and vault maps discovered:
D:        dungeon_sprint_1 [red_sonja_temple_1, red_sonja_temple_small_1]

Skill      XL: |  1 |
---------------+----+-----
Fighting       | 4 |  4.7
Axes           | 5 |  5.0
Armour         | 4 |  4.8
Shields        | 4 |  4.7

Action                   || total
-------------------------++-------
Melee: War axe           ||    11
       Headbutt          ||     2
  Use: Potion            ||     1
Armor: Scale mail        ||     2
Dodge: Dodged            ||     2
Block: Kite shield       ||     4

Table legend: (Time is in decaauts)
 A = Elapsed time spent in this place.
 B = Non-inter-level travel time spent in this place.
 C = Inter-level travel time spent in this place.
 D = Time resting spent in this place.
 E = Time spent auto-exploring this place.
 F = Levels seen in this place.
 G = Mean time per level.
                   A        B        C        D        E       F      G
               +--------+--------+--------+--------+--------+-----+--------+
         Total |     90 |     90 |      0 |     65 |      0 |   1 |   90.0 |
       Dungeon |     90 |     90 |      0 |     65 |      0 |   1 |   90.0 |
               +--------+--------+--------+--------+--------+-----+--------+

Top non-repeatable levels by time:
       D: 90 daAuts
